 Dungeon Crawl Stone Soup version 0.30-a0-719-gcc4359ea44 (webtiles) character file.

Game seed: 473010192425405509

37 jlumianski the Trooper (level 3, 0/29 HPs)
             Began as a Demonspawn Fighter on Jan 26, 2023.
             Slain by a jackal (2 damage)
             ... on level 3 of the Dungeon.
             The game lasted 00:03:48 (1122 turns).

jlumianski the Trooper (Demonspawn Fighter)         Turns: 1122, Time: 00:03:49

Health: 0/29       AC:  7    Str: 18    XL:     3   Next: 21%
Magic:  3/3        EV:  9    Int: 15    God:
Gold:   64         SH:  4    Dex: 12    Spells: 2/2 levels left

rFire   . . .      SeeInvis .    a - +0 war axe
rCold   . . .      Faith    .    c - +0 buckler
rNeg    . . .      Spirit   .    b - +0 scale mail
rPois   .          Reflect  .    (no helmet)
rElec   .          Harm     .    (no cloak)
rCorr   .          Rampage  .    (no gloves)
Will    .....                    l - +0 pair of boots Stlth
                                 (no amulet)
HPRegen 0.24/turn                j - +6 ring of intelligence
MPRegen 0.08/turn                (no ring)

@: no status effects
A: demonic magic 1
a: no special abilities


You were on level 3 of the Dungeon.
You visited 1 branch of the dungeon, and saw 4 of its levels.

You collected 64 gold pieces.

Inventory:

Hand Weapons
 a - a +0 war axe (weapon)
Missiles
 g - 20 stones (quivered)
 k - 2 poisoned darts
Armour
 b - a +0 scale mail (worn)
 c - a +0 buckler (worn)
 l - a +0 pair of boots (worn)
Jewellery
 j - a +6 ring of intelligence (left hand)
Scrolls
 h - a scroll of enchant weapon {unknown}
 i - a scroll of identify {unknown}
 m - a scroll of noise {unknown}
 p - a scroll of poison {unknown}
 q - a scroll of teleportation {unknown}
Potions
 d - a potion of might
 e - 2 potions of flight {unknown}
 f - a potion of invisibility {unknown}
 n - a potion of heal wounds {unknown}
 o - 2 potions of lignification {unknown}


   Skills:
 + Level 3.3 Fighting
 + Level 2.3 Axes
 + Level 2.8 Armour
 + Level 0.5 Dodging
 + Level 3.0 Shields


You had 2 spell levels left.
You didn't know any spells.
Your spell library contained the following spells:

 Spells                   Type           Power      Damage    Failure   Level
 Necrotise                Necr           0%         1d4       75%         1
 Vampiric Draining        Necr           0%         2d6       98%         3
 Anguish                  Hex/Necr       0%         N/A       100%        4
 Agony                    Necr           0%         N/A       100%        5
 Enfeeble                 Hex            0%         N/A       100%        7


Dungeon Overview and Level Annotations

Branches:
Dungeon (4/15)
 Temple: D:4-7

Altars:
Kikubaaqudgha


Innate Abilities, Weirdness & Mutations

Spells you cast may paralyse adjacent enemies.


Message History

The jackal bites you but does no damage.
The jackal closely misses you. The jackal bites you.
* * * LOW HITPOINT WARNING * * *
The jackal bites you but does no damage.
The jackal bites you.
* * * LOW HITPOINT WARNING * * *
You block the jackal's attack. The jackal barely misses you.
The jackal bites you but does no damage.
You block the jackal's attack.
The jackal bites you but does no damage. x2
The jackal bites you but does no damage.
The jackal closely misses you.
The jackal bites you but does no damage.
The jackal closely misses you.
The jackal bites you but does no damage.
The jackal bites you.
* * * LOW HITPOINT WARNING * * *
The jackal closely misses you. x2
The jackal bites you but does no damage.
The jackal bites you but does no damage. x2
You block the jackal's attack.
The jackal bites you but does no damage.
The jackal bites you.
* * * LOW HITPOINT WARNING * * *
The jackal closely misses you. x2; The jackal bites you.
* * * LOW HITPOINT WARNING * * *
The jackal barely misses you.
The jackal bites you but does no damage.
The jackal bites you but does no damage.
The jackal closely misses you. x2; You block the jackal's attack.
You block the jackal's attack.
The jackal bites you but does no damage.
The jackal barely misses you. x2; The jackal bites you.
* * * LOW HITPOINT WARNING * * *
The jackal barely misses you.
The jackal bites you but does no damage.
The jackal bites you.
You die...

## #.............#
.8##.............#
..##.............########
..8#.....................
..##.....................
.8##.....................
#.......[.............
###########........
#.@.#....## #.hh#....#
#...#....# #.?.#!...#
#...# ...# #...# ..#
....# ....#


You could see 2 jackals.

Vanquished Creatures
  An adder (D:3)
  A worm (D:3)
  A bat (D:1)
  2 endoplasms
  2 goblins (D:1)
  4 hobgoblins
  3 jackals (D:1)
  2 ball pythons (D:1)
  A frilled lizard (D:1)
  3 kobolds (D:1)
  A rat (D:1)
21 creatures vanquished.

Notes
Turn   | Place    | Note
-------+----------+-------------------------------------------
     0 | D:1      | jlumianski the Demonspawn Fighter began the quest for the
                  | Orb.
     0 | D:1      | Reached XP level 1. HP: 18/18 MP: 1/1
   435 | D:1      | Gained mutation: Spells you cast may paralyse adjacent
                  | enemies. [demonic ancestry]
   435 | D:1      | Reached XP level 2. HP: 21/24 MP: 2/2
   991 | D:3      | Found an ancient bone altar of Kikubaaqudgha.
  1027 | D:3      | Reached XP level 3. HP: 29/29 MP: 3/3
  1122 | D:3      | Slain by a jackal

Illustrated notes

Levels and vault maps discovered:
D:1:      dpeg_arrival_three_same_balls, layout_loops_cross
D:2:      layout_basic, basic_altar, minmay_misc_feat_tower,
          nicolae_shop_vocational
D:3:      layout_basic, nicolae_overflow_hidden_temple
D:4:      layout_cave_pods, general_overflow_altar

Skill      XL: |  1  2 |
---------------+-------+-----
Axes           | 2 |  2.3
Shields        | 3 |  3.0
Fighting       | |  3.3
Armour         | |  2.8
Dodging        | |  0.5

Action                     || total
---------------------------++-------
  Melee: War axe           ||    67
 Armour: Scale mail        ||   110
  Dodge: Dodged            ||   128
  Block: Buckler           ||    50

Table legend: (Time is in decaauts)
 A = Elapsed time spent in this place.
 B = Non-inter-level travel time spent in this place.
 C = Inter-level travel time spent in this place.
 D = Time resting spent in this place.
 E = Time spent auto-exploring this place.
 F = Levels seen in this place.
 G = Mean time per level.
                   A        B        C        D        E       F      G
               +--------+--------+--------+--------+--------+-----+--------+
         Total |   1152 |   1133 |     19 |     63 |    584 |   4 |  288.0 |
       Dungeon |   1152 |   1133 |     19 |     63 |    584 |   4 |  288.0 |
               +--------+--------+--------+--------+--------+-----+--------+

Top non-repeatable levels by time:
     D:1: 818 daAuts
     D:3: 235 daAuts
     D:2: 90 daAuts
     D:4: 6 daAuts
